 Dungeon Crawl Stone Soup version 0.30-a0-279-g4b46babb21 (webtiles) character file.

Game seed: 7002919829579659808

39 plokij the Ruffian (level 3, -1/28 HPs)
             Began as a Minotaur Transmuter on Oct 16, 2022.
             Splashed by a jelly's acid (5 damage)
             ... on level 6 of the Dungeon.
             The game lasted 00:03:36 (789 turns).

plokij the Ruffian (Minotaur Transmuter)             Turns: 789, Time: 00:03:37

Health: -1/28      AC: -2    Str: 14    XL:     3   Next: 26%
Magic:  4/4        EV: 12    Int: 10    God:
Gold:   42         SH:  0    Dex: 12    Spells: 4/5 levels left

rFire   . . .      SeeInvis .      - Unarmed
rCold   . . .      Faith    .    (no shield)
rNeg    . . .      Spirit   .    a - +0 robe
rPois   .          Reflect  .    (helmet restricted)
rElec   .          Harm     .    (no cloak)
rCorr   .          Rampage  .    (no gloves)
Will    .....                    (no boots)
Stlth   +.........               (no amulet)
HPRegen 0.24/turn                (no ring)
MPRegen 0.09/turn                (no ring)

@: corroded
A: horns 2, retaliatory headbutt
a: no special abilities


You were on level 6 of the Dungeon.
You visited 1 branch of the dungeon, and saw 6 of its levels.

You collected 42 gold pieces.

Inventory:

Armour
 a - a +0 robe (worn)
Jewellery
 e - an amulet of guardian spirit
Wands
 f - a wand of polymorph (12)
Scrolls
 d - a scroll of identify {unknown}
 g - a scroll of fear {unknown}
Potions
 b - a potion of lignification
 c - 2 potions of cancellation {unknown}


   Skills:
 + Level 1.4 Fighting
 + Level 2.5 Dodging
 + Level 4.2 Unarmed Combat
 + Level 1.7 Spellcasting
 + Level 1.6 Transmutations


You had 4 spell levels left.
You knew the following spells:

 Your Spells              Type           Power      Damage    Failure   Level
a - Beastly Appendage     Tmut           8%         N/A       17%         1

Your spell library contained the following spells:

 Spells                   Type           Power      Damage    Failure   Level
 Wereblood                Tmut           4%         N/A       26%         2
 Spider Form              Tmut/Pois      2%         N/A       56%         3
 Ice Form                 Ice/Tmut       2%         N/A       93%         4


Dungeon Overview and Level Annotations

Branches:
Dungeon (6/15)
 Temple: D:4-7

Altars:


Innate Abilities, Weirdness & Mutations

You have a pair of horns on your head.
You reflexively headbutt those who attack you in melee.


Message History

Found 11 gold pieces.
The goblin shouts!
The goblin barely misses you. The goblin closely misses you.
A goblin is nearby!
The goblin closely misses you. You furiously retaliate!
You headbutt the goblin!
You kill the goblin!
Unknown command.
Found a stone staircase leading down.
There is a stone staircase leading down here.
You climb downwards.
Found a scale mail and a scroll labelled KOBBOI ICKAH.
There is a stone staircase leading up here.
Found 6 boomerangs.
You see here 6 boomerangs.
g - a scroll labelled KOBBOI ICKAH
Found a stone staircase leading down.
There is a stone staircase leading down here.
You climb downwards.
Found an escape hatch in the floor.
There is a stone staircase leading up here.
A jelly and an ice beast come into view.
A gnoll comes into view. It is wielding a +0 whip.
The ice beast misses you.
Found a sling.
The jelly hits you but does no damage. The ice beast hits you.
The ice beast freezes you! The gnoll hits you but does no damage.
You hit the jelly but do no damage. The acid corrodes you!
Your hands burn!
The gnoll closely misses you. You furiously retaliate!
You headbutt the gnoll. The jelly closely misses you. You furiously retaliate!
You headbutt the jelly, but do no damage.
The ice beast hits you. The ice beast freezes you!
* * * LOW HITPOINT WARNING * * *
You hit the jelly.
Your hands burn!
* * * LOW HITPOINT WARNING * * *
Your headbutt misses the jelly.
The jelly is lightly wounded.
You hit the jelly but do no damage.
Your hands burn!
You die...

#.##### #.#...
..#.#.#####
#.#.......#
#.#<......#
#.#........
####.#.#.#####
#....#.#...
..#.##@Y..#.######
.......gJ....>......
#).#.##....######...
# #....# ####.# #.#
#.# #.# #.#


You could see an ice beast, a jelly and a gnoll.

Vanquished Creatures
  An adder (D:2)
  A dart slug (D:2)
  An orc (D:3)
  A bat (D:1)
  9 giant cockroaches
  3 goblins
  A hobgoblin (D:1)
  2 quokkas (D:2)
  A ball python (D:4)
  A kobold (D:1)
  2 rats
23 creatures vanquished.

Notes
Turn   | Place    | Note
-------+----------+-------------------------------------------
     0 | D:1      | plokij the Minotaur Transmuter began the quest for the Orb.
     0 | D:1      | Reached XP level 1. HP: 16/16 MP: 1/1
   289 | D:2      | Reached XP level 2. HP: 13/23 MP: 3/3
   612 | D:3      | Reached skill level 4 in Unarmed Combat
   614 | D:3      | Reached XP level 3. HP: 27/28 MP: 4/4
   706 | D:5      | Entered Level 5 of the Dungeon
   781 | D:6      | Noticed an ice beast
   789 | D:6      | Splashed by a jelly's acid

Illustrated notes

Levels and vault maps discovered:
D:1:      dpeg_arrival_chambers_temple_mockup, layout_basic, st_stairs_4
D:2:      layout_loops_ring, minmay_between, uniq_robin
D:3:      minmay_roachtagon, layout_basic, lemuel_coloured_pillars_altar,
          hangedman_decor_slide_cut, minivault_25, st_stairs_11
D:4:      layout_basic
D:5:      minmay_spotlight, layout_loops_corners, grunt_decor_cap, minmay_bent,
          uniq_edmund
D:6:      layout_basic

Skill      XL: |  1  2 |
---------------+-------+-----
Unarmed Combat | 4 |  4.2
Fighting       | |  1.4
Dodging        | |  2.5
Spellcasting   | |  1.7
Transmutations | |  1.6

Action                   || total
-------------------------++-------
Melee: Unarmed           ||    32
       Headbutt          ||     5
Armor: Robe              ||    21
Dodge: Dodged            ||   107

Table legend: (Time is in decaauts)
 A = Elapsed time spent in this place.
 B = Non-inter-level travel time spent in this place.
 C = Inter-level travel time spent in this place.
 D = Time resting spent in this place.
 E = Time spent auto-exploring this place.
 F = Levels seen in this place.
 G = Mean time per level.
                   A        B        C        D        E       F      G
               +--------+--------+--------+--------+--------+-----+--------+
         Total |    785 |    609 |    176 |      0 |    399 |   6 |  130.8 |
       Dungeon |    785 |    609 |    176 |      0 |    399 |   6 |  130.8 |
               +--------+--------+--------+--------+--------+-----+--------+

Top non-repeatable levels by time:
     D:3: 233 daAuts
     D:2: 218 daAuts
     D:1: 210 daAuts
     D:5: 70 daAuts
     D:4: 40 daAuts
     D:6: 11 daAuts
